 Seeded DCSS version 0.29-a0-802-g34511f41fd (webtiles) character file.

Game seed: 1570133099386417921 (custom seed)

497 blackman the Shooter (level 7, -2/52 HPs)
             Began as a Human Delver on July 3, 2022.
             Was a Believer of Ashenzari.
             Slain by a gnoll bouda
             ... wielding a +0 whip
              (13 damage)
             ... on level 5 of the Dungeon.
             The game lasted 00:09:36 (6108 turns).

blackman the Shooter (Human Delver)                 Turns: 6108, Time: 00:09:36

Health: -2/52      AC:  4    Str: 15    XL:     7   Next: 39%
Magic:  7/7        EV: 11    Int: 10    God:    Ashenzari [**....]
Gold:   182        SH:  3    Dex: 14    Spells: 6/6 levels left

rFire   . . .      SeeInvis +   v - +5 mace of Ashenzari's Black Moon {drain, Elem, Melee} (curse)
rCold   . . .      Faith    .   t - +0 buckler "Annoyance of Ashenzari" {Evo, Melee} (curse)
rNeg    . . .      Spirit   .   b - +0 leather armour
rPois   .          Reflect  .   (no helmet)
rElec   .          Harm     .   (no cloak)
rCorr   .          Rampage  .   (no gloves)
Will    .....                   i - +0 pair of boots of Ashenzari's Portent {Range, Comp} (curse)
Stlth   +++.......              (no amulet)
HPRegen 0.17/turn               (no ring)
MPRegen 0.10/turn               (no ring)

@: weakened
A: no striking features
a: Renounce Religion, Shatter the Chains


You were on level 5 of the Dungeon.
You worshipped Ashenzari.
Ashenzari was pleased with you.
You visited 2 branches of the dungeon, and saw 6 of its levels.

You collected 182 gold pieces.

Inventory:

Hand Weapons
 a - a +0 hand axe
 o - a +2 short sword of protection
 v - the cursed +5 mace of Ashenzari's Black Moon (weapon) {drain, Elem, Melee}
   (You found it on level 3 of the Dungeon)

   A truly terrible weapon, it drains the life of any living foe it strikes.
   It has a curse which improves the following skills: Elements: Fire Magic, Ice
   Magic, Air Magic and Earth Magic.
   Melee Combat: Short Blades, Long Blades, Axes, Maces & Flails, Polearms,
   Staves and Unarmed Combat.
Armour
 b - a +0 leather armour (worn)
 i - the cursed +0 pair of boots of Ashenzari's Portent (worn) {Range, Comp}
   (You found it on level 5 of the Dungeon)

   It has a curse which improves the following skills: Ranged Combat: Ranged
   Weapons and Throwing.
   Companions: Summonings and Necromancy.
 k - a +0 tower shield
 t - the cursed +0 buckler "Annoyance of Ashenzari" (worn) {Evo, Melee}
   (You found it on level 3 of the Dungeon)

   It has a curse which improves the following skills: Evocations: Evocations.
   Melee Combat: Short Blades, Long Blades, Axes, Maces & Flails, Polearms,
   Staves and Unarmed Combat.
Jewellery
 h - a ring of magical power
 r - a ring of protection from cold
Wands
 g - a wand of digging (3)
Scrolls
 c - a scroll of fog
 d - 2 scrolls of magic mapping
 j - a scroll of brand weapon
 m - 2 scrolls of noise
 n - 4 scrolls of identify
 p - 3 scrolls of teleportation
 s - a scroll of enchant weapon
 w - a scroll of vulnerability
 x - a scroll of silence
Potions
 f - 2 potions of haste
 l - a potion of curing
 q - 2 potions of might
 u - a potion of heal wounds
 z - a potion of invisibility
 A - a potion of berserk rage
 B - 2 potions of ambrosia


   Skills:
 - Level 3.0 Fighting
 - Level 2.0(3.7) Axes
 * Level 2.0(3.7) Maces & Flails
 - Level 6.8(8.1) Ranged Weapons
 - Level 2.0 Dodging
 - Level 5.0 Stealth


You had 6 spell levels left.
You didn't know any spells.
Your spell library contained the following spells:

 Spells                   Type           Power      Damage    Failure   Level
 Foxfire                  Conj/Fire      0%         2x1d4     54%         1
 Conjure Flame            Conj/Fire      0%         6-21      89%         3
 Ignite Poison            Fire/Tmut/Pois 0%         N/A       89%         3
 Inner Flame              Hex/Fire       0%         N/A       89%         3
 Flame Wave               Conj/Fire      0%         2d4       100%        4
 Sticky Flame             Conj/Fire      0%         2d3       100%        4


Dungeon Overview and Level Annotations

Branches:
Dungeon (5/15)             Temple (1/1) D:5

Altars:
Ashenzari
Cheibriados
Dithmenos
Elyvilon
Hepliaklqana
Kikubaaqudgha
Makhleb
Nemelex Xobeh
Qazlal
Ru
Sif Muna
Trog
Vehumet
Wu Jian
Xom
Yredelemnul
Zin
The Shining One

Shops:
D:3 :

Annotations:
Temple 2 transporters


Message History

Your +0 pair of boots glows black for a moment.
Ashenzari will now reveal the unseen.
Unknown command.
You climb downwards.
There is a stone staircase leading up here.
Key pressed, stopping explore.
Key pressed, stopping explore.
The gnoll bouda gazes fiercely through you!
You feel your attacks grow feeble.
There are monsters nearby!
There are monsters nearby!
The gnoll hits you with a +0 club!
You closely miss the gnoll.
Your attacks no longer feel as feeble.
The gnoll bouda barks out a call to the hunt!
The gnolls pick up the pace!
The gnoll hits you with a +0 club. x2
The gnoll shouts!
You sock the gnoll!
The gnoll is severely wounded.
The gnoll misses you.
You closely miss the gnoll.
The gnoll is severely wounded.
The gnoll hits you with a +0 club. x2
The gnoll misses you. The gnoll hits you with a +0 club.
The gnoll closely misses you.
You closely miss the gnoll bouda. The gnoll bouda closely misses you.
The gnoll hits you from afar with a +0 spear.
The gnoll bouda hits you with a +0 whip.
You barely miss the gnoll bouda.
The gnoll hits you from afar with a +0 spear.
The gnoll bouda gazes fiercely through you!
You feel your attacks grow feeble. The gnoll bouda barely misses you.
You sock the gnoll bouda!
The gnoll bouda is heavily wounded.
The gnoll hits you from afar with a +0 spear.
* * * LOW HITPOINT WARNING * * *
The gnoll bouda hits you with a +0 whip!
You die...

* #..<......#.#
##.###.#..#.# #.#
#.#..#.# *#g# #.#..#.#
#, #g# #.#..###
#.##.###.#..#*
#..{.g.......
##############g###.#..#
#..........@ggg........
##############.#######
#.# ###


You could see a gnoll bouda and 3 gnolls.

Vanquished Creatures
  A water moccasin (D:5)
  A phantom (D:5)
  A scorpion (D:5)
  A hound (Temple)
  A gnoll bouda (D:4)
  3 adders
  7 gnolls
  2 worms (D:3)
  5 dart slugs
  3 orcs (D:4)
  12 ball pythons
  7 endoplasms
  3 giant cockroaches
  9 goblins
  4 hobgoblins
  5 jackals
  8 kobolds
  5 quokkas
  3 bats
  4 frilled lizards (D:1)
  3 rats
88 creatures vanquished.

Notes
Turn   | Place    | Note
-------+----------+-------------------------------------------
     0 | D:5      | blackman the Human Delver began the quest for the Orb.
     0 | D:5      | Reached XP level 1. HP: 18/18 MP: 1/1
    10 | D:5      | Found a staircase to the Ecumenical Temple.
    15 | D:5      | Noticed a phantom
    18 | D:5      | Noticed a water moccasin
    21 | D:5      | Noticed a hound
    26 | D:5      | Killed a water moccasin
    27 | D:5      | Reached skill level 4 in Ranged Weapons
    27 | D:5      | Reached XP level 2. HP: 11/24 MP: 2/2
    27 | D:5      | Reached XP level 3. HP: 14/29 MP: 3/3
    27 | D:5      | Reached XP level 4. HP: 16/35 MP: 4/4
    27 | D:5      | Reached XP level 5. HP: 19/41 MP: 5/5
    29 | D:5      | Killed a phantom
    30 | D:5      | Reached skill level 5 in Ranged Weapons
    34 | Temple   | Entered the Ecumenical Temple
    34 | Temple   | Found a transporter.
    34 | Temple   | Found a transporter.
   614 | Temple   | Found a transporter.
   614 | Temple   | Found a transporter.
   630 | Temple   | Became a worshipper of Ashenzari the Shackled
   679 | Temple   | Reached XP level 6. HP: 21/47 MP: 6/6
  1964 | D:4      | Reached skill level 6 in Ranged Weapons
  3230 | D:3      | Found Ytywocun's Book Shop.
  3486 | D:3      | You fall into a shaft and drop 1 floor!
  3621 | D:3      | Reached XP level 7. HP: 14/52 MP: 7/7
  4823 | D:1      | Found a faded altar of an unknown god.
  5135 | D:1      | Reached * piety under Ashenzari
  6065 | D:4      | Reached ** piety under Ashenzari
  6108 | D:5      | Slain by a gnoll bouda

Illustrated notes

Levels and vault maps discovered:
D:1:      scummos_arrival_star, layout_loops_ring,
          shapermc_ecumenical_altar_mp_highgroup, chequers_decorated_corner,
          minmay_misc_feat_hallway, nrook_uturn
D:2:      minmay_inner_zag, layout_basic, hangedman_decor_peaks_small,
          minmay_tetromino_t2
D:3:      layout_loops_ring, serial_shops, shop_statue
D:4:      layout_loops_ring
D:5:      layout_basic, temple_pool_b, lemuel_flamethrower_2
Temple:   hellmonk_temple_divided_pantheon

Skill      XL: |  1  2  3  4  5  6  7 |
---------------+----------------------+-----
Ranged Weapons | 4 5 6 |  6.8
Maces & Flails | 2 |  2.0
Fighting       | |  3.0
Axes           | |  2.0
Dodging        | |  2.0
Stealth        | |  5.0

Action                   |  1- 3 |  4- 6 |  7- 9 || total
-------------------------+-------+-------+-------++-------
Melee: Hand axe          |       |    56 |       ||    56
       Short sword       |       |    46 |       ||    46
       Mace              |       |    16 |    97 ||   113
Invok: Curse Item        |       |       |     3 ||     3
Evoke: Wand              |     3 |     6 |       ||     9
  Use: Scroll            |       |       |     1 ||     1
 Stab: Sleeping          |       |     8 |    10 ||    18
Armor: Leather armour    |       |    34 |    22 ||    56
Dodge: Dodged            |     3 |    84 |    43 ||   130
Block: Tower shield      |       |     8 |       ||     8
       Buckler           |       |       |     9 ||     9

Table legend: (Time is in decaauts)
 A = Elapsed time spent in this place.
 B = Non-inter-level travel time spent in this place.
 C = Inter-level travel time spent in this place.
 D = Time resting spent in this place.
 E = Time spent auto-exploring this place.
 F = Levels seen in this place.
 G = Mean time per level.
                   A        B        C        D        E       F      G
               +--------+--------+--------+--------+--------+-----+--------+
         Total |   6178 |   5906 |    272 |   2461 |   2638 |   6 | 1029.7 |
       Dungeon |   5081 |   4841 |    240 |   1432 |   2638 |   5 | 1016.2 |
        Temple |   1097 |   1065 |     32 |   1029 |      0 |   1 | 1097.0 |
               +--------+--------+--------+--------+--------+-----+--------+

Top non-repeatable levels by time:
     D:4: 2100 daAuts
  Temple: 1097 daAuts
     D:3: 1095 daAuts
     D:1: 1043 daAuts
     D:2: 682 daAuts
     D:5: 159 daAuts
